Las Vegas Wranglers vs Chicoutimi Sagueneens

Created - 24 novembre 2017 at 19:59

Goals
1 2 3 T
Las Vegas Wranglers 0 1 2 3
Chicoutimi Sagueneens 0 0 4 4
Shots
1 2 3 T
Las Vegas Wranglers 6 15 10 31
Chicoutimi Sagueneens 5 13 15 33

1st period

No Goal

Penalties :
No Penalty

2nd period

1. Las Vegas Wranglers , Paul LaDue 5 (Jimmy Hayes 13, Nikita Soshnikov 13) at 1:49

Penalties :
Emerson Etem (WRA) for Hooking (Minor) at 15:53

3rd period

2. Chicoutimi Sagueneens , Scott Wilson 12 (Gabriel Bourque 12) at 4:04 (PP)
3. Chicoutimi Sagueneens , Rocco Grimaldi 8 (Gabriel Bourque 13, Chris Summers 9) at 11:48
4. Chicoutimi Sagueneens , Derrick Pouliot 1 (Jamie Oleksiak 9, Scott Wilson 14) at 12:27 (PP)
5. Las Vegas Wranglers , Nikolay Goldobin 15 (Vladislav Kamenev 30) at 15:56
6. Chicoutimi Sagueneens , Rocco Grimaldi 9 (Scott Wilson 15, Derrick Pouliot 9) at 16:50
7. Las Vegas Wranglers , Vladislav Kamenev 11 (Nikita Soshnikov 14) at 17:02

Penalties :
Dillon Heatherington (WRA) for Holding (Minor) at 3:02, Dillon Heatherington (WRA) for High sticking (Minor) at 11:51, Chris Summers (SAG) for Holding Stick (Minor) at 18:57, Jamie Oleksiak (SAG) for Interference (Minor) at 19:11

Goalie Stats

Brad Thiessen (WRA), 29 saves from 33 shots - (0,879), L, 10-7-2, 59:01 minutes
Ville Husso (SAG), 28 saves from 31 shots - (0,903), W, 6-8-1, 60:00 minutes

Players Stats for Las Vegas Wranglers

Player Name              G  A  P  +/- PIM S  H  SB GA TA FO     MP     PP MP  PK MP  
------------------------------------------------------------------------------------
Adam Clendening          0  0  0   1  0   2  2  2  0  0  0/0    19:45   0:00   0:33 
Ben Holmstrom            0  0  0   0  0   1  3  0  2  0  1/2    13:41   0:00   0:23 
Carl Dahlstrom           0  0  0   0  0   0  0  1  0  2  0/0    20:33   0:00   1:13 
Chris Casto              0  0  0   0  0   3  3  0  0  0  0/0    21:11   0:00   1:49 
Cody Bass                0  0  0   0  0   2  0  0  0  0  1/1     9:16   0:00   0:00 
Dillon Heatherington     0  0  0   0  4   0  1  0  0  0  0/0    17:34   1:02   1:15 
Emerson Etem             0  0  0   0  2   1  3  0  2  0  1/1    13:47   0:00   1:21 
Jimmy Hayes              0  1  1  -1  0   1  0  1  3  0  0/0    15:59   0:19   0:00 
Joel Hanley              0  0  0   0  0   0  0  1  0  1  0/0    16:36   0:00   2:24 
Joel Vermin              0  0  0   0  0   1  1  2  2  0  0/0     9:10   0:00   0:00 
Justin Auger             0  0  0  -1  0   3  4  1  1  0  0/1    16:11   0:19   0:00 
Matthew Ford             0  0  0   0  0   1  1  0  2  1  0/1    12:33   0:00   0:00 
Nikita Soshnikov         0  2  2   2  0   5  2  0  4  0  0/1    19:06   0:43   0:17 
Nikolay Goldobin         1  0  1   2  0   3  1  0  3  1  0/0    19:14   0:43   0:25 
Paul LaDue               1  0  1   1  0   3  1  0  0  0  0/0    22:23   1:02   0:00 
Tage Thompson            0  0  0  -1  0   0  1  0  0  2  9/13   17:09   0:00   1:24 
Vladislav Kamenev        1  1  2   2  0   2  4  0  0  0  22/32  19:54   0:43   0:55 
Zac Rinaldo              0  0  0   0  0   3  1  0  0  0  2/4    11:58   0:19   2:29 

Players Stats for Chicoutimi Sagueneens

Player Name              G  A  P  +/- PIM S  H  SB GA TA FO     MP     PP MP  PK MP  
------------------------------------------------------------------------------------
Alex Lintuniemi          0  0  0  -1  0   0  0  3  0  3  0/0    13:27   0:00   0:10 
Chris Summers            0  1  1   0  2   0  2  1  1  1  0/0    19:25   1:56   0:00 
Derrick Pouliot          1  1  2   0  0   1  4  3  0  1  0/0    26:26   1:41   0:52 
Gabriel Bourque          0  2  2   0  0   3  0  0  1  0  0/1    19:21   1:39   0:00 
Iiro Pakarinen           0  0  0   0  0   2  0  0  0  3  0/0    18:10   1:58   0:00 
Jacob De La Rose         0  0  0   0  0   3  2  0  2  0  0/3    18:38   1:58   0:24 
Jamie Oleksiak           0  1  1   0  2   1  1  1  0  1  0/0    25:47   1:41   0:13 
Jean Dupuy               0  0  0  -1  0   2  2  0  0  2  0/0    14:24   0:00   0:00 
Justin Kea               0  0  0   0  0   1  0  0  0  0  0/0     2:48   0:00   0:00 
Laurent Dauphin          0  0  0   0  0   3  2  1  0  1  9/30   23:31   1:58   0:52 
Ludwig Bystrom           0  0  0  -1  0   1  0  2  0  2  0/0    13:55   0:00   0:38 
Matt White               0  0  0  -1  0   1  2  0  0  1  3/6    14:29   0:00   0:00 
Maxime Fortunus          0  0  0   0  0   0  1  1  0  1  0/0    19:36   1:56   0:10 
Mike Brown               0  0  0   0  0   0  1  0  0  0  0/0     7:26   0:00   0:00 
Rocco Grimaldi           2  0  2   0  0   4  1  0  1  0  7/14   19:21   1:39   0:00 
Scott Wilson             1  2  3   0  0   5  2  0  1  0  1/1    19:21   1:39   0:00 
Stanislav Galiev         0  0  0  -1  0   6  3  0  0  2  0/1    14:29   0:00   0:00 
Zach Sill                0  0  0   0  0   0  1  0  1  1  1/1     7:16   0:00   0:00 

3 Stars

1 - Vladislav Kamenev (WRA)
2 - Scott Wilson (SAG)
3 - Derrick Pouliot (SAG)

Power Play

Las Vegas Wranglers - 0 on 2 Attempt(s) - 0,00%
Chicoutimi Sagueneens - 2 on 3 Attempt(s) - 66,67%

Penalty Kill

Las Vegas Wranglers - 1 on 3 Attempt(s) - 33,33% - Score 0 goal in Penalty Kill
Chicoutimi Sagueneens - 2 on 2 Attempt(s) - 100,00% - Score 0 goal in Penalty Kill

Team Stat

Las Vegas Wranglers - Hits : 28 - Faceoff Wins : 36 - Blocked Shots : 8 - Penalty Minutes : 6
Chicoutimi Sagueneens - Hits : 24 - Faceoff Wins : 21 - Blocked Shots : 12 - Penalty Minutes : 4

Official

Referees : Kevin Pollock and Mark Lemelin
Linesman : Vaughan Rody and Mike Cvik

Game Notes

Adam Clendening is injured at 11:13 of 3rd period (Lacerated Right Calf)

Finance

Level 1 -- Attendance: 1478 (73,90%) -- Ticket Income 51 730 $
Level 2 -- Attendance: 792 (79,20%) -- Ticket Income 11 880 $
Total Attendance: 2270 (75,67%)
Total Ticket Income: 63 610 $
Other Income: 31 169 $
Total Income: 94 779 $

Las Vegas Wranglers

5 vs 5 Forward 
   Center                   Left Wing                Right Wing               Time % Phy DF OF 
 1 Vladislav Kamenev        Nikolay Goldobin         Nikita Soshnikov         40     1   2  2  
 2 Tage Thompson            Justin Auger             Jimmy Hayes              30     1   2  2  
 3 Ben Holmstrom            Emerson Etem             Matthew Ford             20     1   2  2  
 4 Cody Bass                Zac Rinaldo              Joel Vermin              10     1   2  2  

5 vs 5 Defense 
   Defense                  Defense                                           Time % Phy DF OF 
 1 Adam Clendening          Paul LaDue                                        40     1   2  2  
 2 Chris Casto              Carl Dahlstrom                                    35     1   2  2  
 3 Dillon Heatherington     Joel Hanley                                       25     1   2  2  
 4 Adam Clendening          Paul LaDue                                        0      1   2  2  

PowerPlay Forward 
   Center                   Left Wing                Right Wing               Time % Phy DF OF 
 1 Vladislav Kamenev        Nikolay Goldobin         Nikita Soshnikov         60     1   2  2  
 2 Zac Rinaldo              Justin Auger             Jimmy Hayes              40     1   2  2  

PowerPlay Defense
   Defense                  Defense                                           Time % Phy DF OF 
 1 Adam Clendening          Paul LaDue                                        60     1   2  2  
 2 Chris Casto              Carl Dahlstrom                                    40     1   2  2  

Penalty Kill 4 Players Forward 
   Center                   Wing                     Time % Phy DF OF 
 1 Zac Rinaldo              Emerson Etem             60     1   2  2  
 2 Tage Thompson            Nikita Soshnikov         40     1   2  2  

Penalty Kill 4 Players Defense
   Defense                  Defense                  Time % Phy DF OF 
 1 Dillon Heatherington     Joel Hanley              60     1   2  2  
 2 Chris Casto              Carl Dahlstrom           40     1   2  2  

Penalty Kill - 3 Players Forward 
   Forward                                           Time % Phy DF OF 
 1 Vladislav Kamenev                                 60     1   2  2  
 2 Jimmy Hayes                                       40     1   2  2  

Penalty Kill - 3 Players Defense
   Defense                  Defense                  Time % Phy DF OF 
 1 Adam Clendening          Paul LaDue               60     1   2  2  
 2 Chris Casto              Carl Dahlstrom           40     1   2  2  

4 vs 4 Forward 
   Center                   Wing                     Time % Phy DF OF 
 1 Vladislav Kamenev        Nikita Soshnikov         60     1   2  2  
 2 Matthew Ford             Joel Vermin              40     1   2  2  

4 vs 4 Defense
   Defense                  Defense                  Time % Phy DF OF 
 1 Adam Clendening          Paul LaDue               60     1   2  2  
 2 Chris Casto              Carl Dahlstrom           40     1   2  2  

Last Minutes Offensive
   Center                   Left Wing                Right Wing               Defense                  Defense                  
   Vladislav Kamenev        Nikolay Goldobin         Nikita Soshnikov         Adam Clendening          Paul LaDue               

Last Minutes Defensive
   Center                   Left Wing                Right Wing               Defense                  Defense                  
   Vladislav Kamenev        Nikolay Goldobin         Nikita Soshnikov         Chris Casto              Paul LaDue               

Goaltenders
Starting : Brad Thiessen            
Backup : Linus Ullmark            

Extra Forwards
Normal : Ben Holmstrom, Cody Bass, Tage Thompson - PP : Ben Holmstrom, Cody Bass - PK : Tage Thompson
Extra Defensemen
Normal : Dillon Heatherington, Joel Hanley, Adam Clendening - PP : Dillon Heatherington - PK : Joel Hanley, Adam Clendening
Penalty Shots
Vladislav Kamenev, Jimmy Hayes, Matthew Ford, Joel Vermin, Nikolay Goldobin

Scratches
Wacey Hamilton (Healthy), Robin Norell (Healthy), Kayle Doetzel (Healthy), Adam Gilmour (Healthy), Tom Parisi (Healthy)
Peter Stoykewych (Healthy), Jared Coreau (Healthy)

Chicoutimi Sagueneens

5 vs 5 Forward 
   Center                   Left Wing                Right Wing               Time % Phy DF OF 
 1 Laurent Dauphin          Jacob De La Rose         Iiro Pakarinen           40     1   2  2  
 2 Rocco Grimaldi           Gabriel Bourque          Scott Wilson             30     1   2  2  
 3 Matt White               Stanislav Galiev         Jean Dupuy               20     1   2  2  
 4 Zach Sill                Mike Brown               Laurent Dauphin          10     1   2  2  

5 vs 5 Defense 
   Defense                  Defense                                           Time % Phy DF OF 
 1 Jamie Oleksiak           Derrick Pouliot                                   40     1   2  2  
 2 Chris Summers            Maxime Fortunus                                   30     1   2  2  
 3 Alex Lintuniemi          Ludwig Bystrom                                    20     1   2  2  
 4 Jamie Oleksiak           Derrick Pouliot                                   10     1   2  2  

PowerPlay Forward 
   Center                   Left Wing                Right Wing               Time % Phy DF OF 
 1 Laurent Dauphin          Jacob De La Rose         Iiro Pakarinen           60     1   2  2  
 2 Rocco Grimaldi           Gabriel Bourque          Scott Wilson             40     1   2  2  

PowerPlay Defense
   Defense                  Defense                                           Time % Phy DF OF 
 1 Jamie Oleksiak           Derrick Pouliot                                   60     1   2  2  
 2 Chris Summers            Maxime Fortunus                                   40     1   2  2  

Penalty Kill 4 Players Forward 
   Center                   Wing                     Time % Phy DF OF 
 1 Laurent Dauphin          Jacob De La Rose         60     1   2  2  
 2 Iiro Pakarinen           Gabriel Bourque          40     1   2  2  

Penalty Kill 4 Players Defense
   Defense                  Defense                  Time % Phy DF OF 
 1 Jamie Oleksiak           Derrick Pouliot          60     1   2  2  
 2 Chris Summers            Maxime Fortunus          40     1   2  2  

Penalty Kill - 3 Players Forward 
   Forward                                           Time % Phy DF OF 
 1 Laurent Dauphin                                   60     1   2  2  
 2 Jacob De La Rose                                  40     1   2  2  

Penalty Kill - 3 Players Defense
   Defense                  Defense                  Time % Phy DF OF 
 1 Jamie Oleksiak           Derrick Pouliot          60     1   2  2  
 2 Chris Summers            Maxime Fortunus          40     1   2  2  

4 vs 4 Forward 
   Center                   Wing                     Time % Phy DF OF 
 1 Laurent Dauphin          Jacob De La Rose         60     1   2  2  
 2 Iiro Pakarinen           Gabriel Bourque          40     1   2  2  

4 vs 4 Defense
   Defense                  Defense                  Time % Phy DF OF 
 1 Jamie Oleksiak           Derrick Pouliot          60     1   2  2  
 2 Chris Summers            Maxime Fortunus          40     1   2  2  

Last Minutes Offensive
   Center                   Left Wing                Right Wing               Defense                  Defense                  
   Laurent Dauphin          Jacob De La Rose         Iiro Pakarinen           Jamie Oleksiak           Derrick Pouliot          

Last Minutes Defensive
   Center                   Left Wing                Right Wing               Defense                  Defense                  
   Laurent Dauphin          Jacob De La Rose         Iiro Pakarinen           Jamie Oleksiak           Derrick Pouliot          

Goaltenders
Starting : Ville Husso              
Backup : Anthony Stolarz          

Extra Forwards
Normal : Justin Kea, Stanislav Galiev, Matt White - PP : Justin Kea, Stanislav Galiev - PK : Matt White
Extra Defensemen
Normal : Alex Lintuniemi, Ludwig Bystrom, Chris Summers - PP : Alex Lintuniemi - PK : Ludwig Bystrom, Chris Summers
Penalty Shots
Laurent Dauphin, Jacob De La Rose, Iiro Pakarinen, Gabriel Bourque, Rocco Grimaldi

Scratches
Clark Bishop (Healthy), Chris McCarthy (Healthy), Braden Christoffer (Healthy), Miikka Salomaki (Healthy)

% Time on Ice - Las Vegas Wranglers

Lines # - Real PCT - Wanted PCT - Time Play
Normal Forward
1 - 33% - 40% - 18:19
2 - 28% - 30% - 15:28
3 - 22% - 20% - 12:21
4 - 17% - 10% - 9:10
Normal Defense
1 - 40% - 40% - 21:58
2 - 36% - 35% - 19:47
3 - 25% - 25% - 13:33
4 - 0% - 0% - 0:00
PP Forward
1 - 69% - 60% - 0:43
2 - 31% - 40% - 0:19
PP Defense
1 - 100% - 60% - 1:02
2 - 0% - 40% - 0:00
PK Forward
1 - 92% - 60% - 3:20
2 - 8% - 40% - 0:17
PK Defense
1 - 66% - 60% - 2:24
2 - 34% - 40% - 1:13
PK3 Forward
1 - 0% - 60%
2 - 0% - 40%
PK3 Defense
1 - 0% - 60%
2 - 0% - 40%
44 Forward
1 - 0% - 60%
2 - 0% - 40%
44 Defense
1 - 0% - 60%
2 - 0% - 40%
Last Minute Offensive  - 0:03
Last Minute Defensive  - 0:00
Total
Forward - 60:00
Defense - 60:00

% Time on Ice - Chicoutimi Sagueneens

Lines # - Real PCT - Wanted PCT - Time Play
Normal Forward
1 - 30% - 40% - 16:27
2 - 32% - 30% - 17:42
3 - 26% - 20% - 14:08
4 - 13% - 10% - 7:04
Normal Defense
1 - 38% - 40% - 20:48
2 - 32% - 30% - 17:42
3 - 24% - 20% - 13:17
4 - 6% - 10% - 3:34
PP Forward
1 - 54% - 60% - 1:58
2 - 46% - 40% - 1:39
PP Defense
1 - 47% - 60% - 1:41
2 - 53% - 40% - 1:56
PK Forward
1 - 100% - 60% - 0:14
2 - 0% - 40% - 0:00
PK Defense
1 - 100% - 60% - 0:14
2 - 0% - 40% - 0:00
PK3 Forward
1 - 79% - 60% - 0:38
2 - 21% - 40% - 0:10
PK3 Defense
1 - 79% - 60% - 0:38
2 - 21% - 40% - 0:10
44 Forward
1 - 0% - 60%
2 - 0% - 40%
44 Defense
1 - 0% - 60%
2 - 0% - 40%
Last Minute Offensive  - 0:00
Last Minute Defensive  - 0:00
Total
Forward - 60:00
Defense - 60:00

Play by Play

1st period


0:01 of 1st period - Vladislav Kamenev wins face-off versus Laurent Dauphin in neutral zone.
0:06 of 1st period - Backhand shot by Nikolay Goldobin.
0:06 of 1st period - Shot Blocked by Derrick Pouliot.
0:08 of 1st period - Slapshot by Nikita Soshnikov.
0:08 of 1st period - Stopped by Ville Husso with a rebound.
0:10 of 1st period - Snap shot by Nikita Soshnikov.
0:10 of 1st period - Shot Blocked by Laurent Dauphin.
0:16 of 1st period - Wrist shot by Nikolay Goldobin.
0:16 of 1st period - Shot Misses the Net.
0:51 of 1st period - Justin Auger is hit by Chris Summers.
1:06 of 1st period - Icing by Tage Thompson.
1:07 of 1st period - Tage Thompson wins face-off versus Matt White in Las Vegas Wranglers zone.
1:12 of 1st period - Stanislav Galiev is hit by Dillon Heatherington and loses puck.
1:43 of 1st period - Gabriel Bourque is hit by Zac Rinaldo and loses puck.
2:46 of 1st period - Nikita Soshnikov is hit by Chris Summers and loses puck.
3:33 of 1st period - Chris Casto is hit by Jean Dupuy.
3:49 of 1st period - Wrist shot by Matthew Ford.
3:49 of 1st period - Shot Blocked by Jamie Oleksiak.
4:11 of 1st period - Slapshot by Nikolay Goldobin.
4:11 of 1st period - Shot Misses the Net.
4:51 of 1st period - Wrist shot by Zach Sill.
4:51 of 1st period - Shot Blocked by Adam Clendening.
4:57 of 1st period - Wrist shot by Justin Kea.
4:57 of 1st period - Stopped by Brad Thiessen without a rebound.
4:58 of 1st period - Matt White wins face-off versus Vladislav Kamenev in Las Vegas Wranglers zone.
5:10 of 1st period - Off-side.
5:11 of 1st period - Vladislav Kamenev wins face-off versus Laurent Dauphin in neutral zone.
5:36 of 1st period - Derrick Pouliot is hit by Adam Clendening and loses puck.
6:04 of 1st period - Derrick Pouliot is hit by Ben Holmstrom and loses puck.
6:37 of 1st period - Laurent Dauphin is hit by Nikita Soshnikov.
6:41 of 1st period - Nikita Soshnikov is hit by Mike Brown and loses puck.
6:49 of 1st period - Off-side.
6:50 of 1st period - Tage Thompson wins face-off versus Rocco Grimaldi in neutral zone.
7:41 of 1st period - Chris Summers is hit by Emerson Etem and loses puck.
7:59 of 1st period - Icing by Cody Bass.
8:00 of 1st period - Scott Wilson wins face-off versus Zac Rinaldo in Las Vegas Wranglers zone.
8:01 of 1st period - Snap shot by Rocco Grimaldi.
8:01 of 1st period - Stopped by Brad Thiessen with a rebound.
8:09 of 1st period - Slapshot by Paul LaDue.
8:09 of 1st period - Deflect By Cody Bass.
8:09 of 1st period - Stopped by Ville Husso with a rebound.
8:25 of 1st period - Snap shot by Rocco Grimaldi.
8:25 of 1st period - Shot Misses the Net.
9:18 of 1st period - Snap shot by Paul LaDue.
9:18 of 1st period - Shot Blocked by Alex Lintuniemi.
9:20 of 1st period - Wrist shot by Zac Rinaldo.
9:20 of 1st period - Stopped by Ville Husso with a rebound.
9:22 of 1st period - Slapshot by Adam Clendening.
9:22 of 1st period - Shot Blocked by Ludwig Bystrom.
9:24 of 1st period - Slapshot by Adam Clendening.
9:24 of 1st period - Shot Blocked by Alex Lintuniemi.
9:26 of 1st period - Slapshot by Paul LaDue.
9:26 of 1st period - Stopped by Ville Husso with a rebound.
9:28 of 1st period - Wrist shot by Zac Rinaldo.
9:28 of 1st period - Shot Misses the Net.
9:42 of 1st period - Zac Rinaldo is hit by Rocco Grimaldi and loses puck.
10:21 of 1st period - Snap shot by Rocco Grimaldi.
10:21 of 1st period - Shot Misses the Net.
10:23 of 1st period - Snap shot by Ludwig Bystrom.
10:23 of 1st period - Shot Blocked by Joel Vermin.
10:31 of 1st period - Backhand shot by Scott Wilson.
10:31 of 1st period - Shot Misses the Net.
10:51 of 1st period - Snap shot by Scott Wilson.
10:51 of 1st period - Stopped by Brad Thiessen with a rebound.
11:13 of 1st period - Slapshot by Paul LaDue.
11:13 of 1st period - Shot Misses the Net.
11:15 of 1st period - Slapshot by Adam Clendening.
11:15 of 1st period - Deflect By Zac Rinaldo.
11:15 of 1st period - Stopped by Ville Husso with a rebound.
11:26 of 1st period - Off-side.
11:27 of 1st period - Laurent Dauphin wins face-off versus Vladislav Kamenev in neutral zone.
11:34 of 1st period - Wrist shot by Jacob De La Rose.
11:34 of 1st period - Shot Misses the Net.
12:17 of 1st period - Slapshot by Derrick Pouliot.
12:17 of 1st period - Shot Misses the Net.
13:02 of 1st period - Matthew Ford is hit by Matt White and loses puck.
13:09 of 1st period - Jean Dupuy is hit by Emerson Etem and loses puck.
13:48 of 1st period - Laurent Dauphin is hit by Ben Holmstrom and loses puck.
15:18 of 1st period - Mike Brown is hit by Vladislav Kamenev and loses puck.
15:50 of 1st period - Icing by Matt White.
15:51 of 1st period - Matt White wins face-off versus in Chicoutimi Sagueneens zone.
16:28 of 1st period - Iiro Pakarinen is hit by Tage Thompson and loses puck.
17:04 of 1st period - Mike Brown is hit by Adam Clendening and loses puck.
17:18 of 1st period - Icing by Matt White.
17:19 of 1st period - Ben Holmstrom wins face-off versus Laurent Dauphin in Chicoutimi Sagueneens zone.
17:39 of 1st period - Jamie Oleksiak is hit by Paul LaDue and loses puck.
18:05 of 1st period - Jamie Oleksiak is hit by Emerson Etem and loses puck.
18:13 of 1st period - Icing by Jamie Oleksiak.
18:14 of 1st period - Zach Sill wins face-off versus Vladislav Kamenev in Chicoutimi Sagueneens zone.
18:27 of 1st period - Wrist shot by Vladislav Kamenev.
18:27 of 1st period - Deflect By Zach Sill.
18:27 of 1st period - Shot Misses the Net.
18:27 of 1st period - Puck is out of play.
18:28 of 1st period - Tage Thompson wins face-off versus Matt White in Chicoutimi Sagueneens zone.
19:10 of 1st period - Iiro Pakarinen is hit by Nikita Soshnikov and loses puck.
19:29 of 1st period - Slapshot by Ben Holmstrom.
19:29 of 1st period - Stopped by Ville Husso with a rebound.
19:45 of 1st period - Slapshot by Stanislav Galiev.
19:45 of 1st period - Stopped by Brad Thiessen without a rebound.
19:46 of 1st period - Vladislav Kamenev wins face-off versus Matt White in Las Vegas Wranglers zone.
19:53 of 1st period - Snap shot by Matt White.
19:53 of 1st period - Shot Misses the Net.
19:55 of 1st period - Slapshot by Derrick Pouliot.
19:55 of 1st period - Shot Blocked by Joel Hanley.
19:59 of 1st period - Slapshot by Matt White.
19:59 of 1st period - Stopped by Brad Thiessen without a rebound.
Goals for this period are 0 for Las Vegas Wranglers vs 0 for Chicoutimi Sagueneens.
Shots for this period are 6 for Las Vegas Wranglers vs 5 for Chicoutimi Sagueneens.

2nd period


0:01 of 2nd period - Laurent Dauphin wins face-off versus Vladislav Kamenev in neutral zone.
0:26 of 2nd period - Derrick Pouliot is hit by Justin Auger and loses puck.
0:49 of 2nd period - Snap shot by Matt White.
0:49 of 2nd period - Deflect By Stanislav Galiev.
0:49 of 2nd period - Stopped by Brad Thiessen with a rebound.
1:49 of 2nd period - Snap shot by Paul LaDue.
1:49 of 2nd period - Deflect By Stanislav Galiev.
1:49 of 2nd period - Goal by Paul LaDue - Las Vegas Wranglers : 1 - Chicoutimi Sagueneens : 0.
1:50 of 2nd period - Vladislav Kamenev wins face-off versus Jacob De La Rose in neutral zone.
2:05 of 2nd period - Nikita Soshnikov is hit by Jacob De La Rose and loses puck.
3:05 of 2nd period - Snap shot by Laurent Dauphin.
3:05 of 2nd period - Stopped by Brad Thiessen without a rebound.
3:06 of 2nd period - Vladislav Kamenev wins face-off versus Jacob De La Rose in Las Vegas Wranglers zone.
3:06 of 2nd period - Vladislav Kamenev is hit by Derrick Pouliot.
3:18 of 2nd period - Wrist shot by Jacob De La Rose.
3:18 of 2nd period - Stopped by Brad Thiessen with a rebound.
3:20 of 2nd period - Slapshot by Jamie Oleksiak.
3:20 of 2nd period - Stopped by Brad Thiessen without a rebound.
3:21 of 2nd period - Rocco Grimaldi wins face-off versus Justin Auger in Las Vegas Wranglers zone.
3:22 of 2nd period - Wrist shot by Scott Wilson.
3:22 of 2nd period - Stopped by Brad Thiessen without a rebound.
3:23 of 2nd period - Rocco Grimaldi wins face-off versus Tage Thompson in Las Vegas Wranglers zone.
4:17 of 2nd period - Wrist shot by Stanislav Galiev.
4:17 of 2nd period - Stopped by Brad Thiessen without a rebound.
4:18 of 2nd period - Laurent Dauphin wins face-off versus Vladislav Kamenev in Las Vegas Wranglers zone.
4:29 of 2nd period - Snap shot by Nikita Soshnikov.
4:29 of 2nd period - Shot Misses the Net.
4:31 of 2nd period - Slapshot by Chris Casto.
4:31 of 2nd period - Stopped by Ville Husso without a rebound.
4:32 of 2nd period - Tage Thompson wins face-off versus Laurent Dauphin in Chicoutimi Sagueneens zone.
4:37 of 2nd period - Snap shot by Justin Auger.
4:37 of 2nd period - Deflect By Jimmy Hayes.
4:37 of 2nd period - Shot Hit the Post.
4:37 of 2nd period - Puck is out of play.
4:38 of 2nd period - Tage Thompson wins face-off versus Laurent Dauphin in Chicoutimi Sagueneens zone.
4:39 of 2nd period - Wrist shot by Jimmy Hayes.
4:39 of 2nd period - Deflect By Tage Thompson.
4:39 of 2nd period - Shot Misses the Net.
4:39 of 2nd period - Puck is out of play.
4:40 of 2nd period - Tage Thompson wins face-off versus Laurent Dauphin in Chicoutimi Sagueneens zone.
4:55 of 2nd period - Snap shot by Paul LaDue.
4:55 of 2nd period - Stopped by Ville Husso without a rebound.
4:56 of 2nd period - Rocco Grimaldi wins face-off versus Vladislav Kamenev in Chicoutimi Sagueneens zone.
5:23 of 2nd period - Slapshot by Adam Clendening.
5:23 of 2nd period - Stopped by Ville Husso with a rebound.
5:25 of 2nd period - Snap shot by Emerson Etem.
5:25 of 2nd period - Stopped by Ville Husso without a rebound.
5:26 of 2nd period - Laurent Dauphin wins face-off versus Ben Holmstrom in Chicoutimi Sagueneens zone.
5:41 of 2nd period - Snap shot by Jacob De La Rose.
5:41 of 2nd period - Stopped by Brad Thiessen without a rebound.
5:42 of 2nd period - Vladislav Kamenev wins face-off versus Rocco Grimaldi in Las Vegas Wranglers zone.
5:42 of 2nd period - Vladislav Kamenev is hit by Derrick Pouliot.
5:52 of 2nd period - Snap shot by Nikolay Goldobin.
5:52 of 2nd period - Shot Misses the Net.
5:54 of 2nd period - Wrist shot by Chris Casto.
5:54 of 2nd period - Shot Blocked by Derrick Pouliot.
5:56 of 2nd period - Snap shot by Carl Dahlstrom.
5:56 of 2nd period - Deflect By Nikolay Goldobin.
5:56 of 2nd period - Stopped by Ville Husso with a rebound.
5:58 of 2nd period - Wrist shot by Nikita Soshnikov.
5:58 of 2nd period - Stopped by Ville Husso without a rebound.
5:59 of 2nd period - Tage Thompson wins face-off versus Laurent Dauphin in Chicoutimi Sagueneens zone.
6:00 of 2nd period - Slapshot by Jimmy Hayes.
6:00 of 2nd period - Shot Misses the Net.
6:08 of 2nd period - Snap shot by Justin Auger.
6:08 of 2nd period - Stopped by Ville Husso with a rebound.
6:49 of 2nd period - Snap shot by Stanislav Galiev.
6:49 of 2nd period - Shot Misses the Net.
6:51 of 2nd period - Snap shot by Stanislav Galiev.
6:51 of 2nd period - Shot Misses the Net.
6:53 of 2nd period - Snap shot by Jean Dupuy.
6:53 of 2nd period - Stopped by Brad Thiessen with a rebound.
6:55 of 2nd period - Slapshot by Ludwig Bystrom.
6:55 of 2nd period - Stopped by Brad Thiessen with a rebound.
7:07 of 2nd period - Slapshot by Matthew Ford.
7:07 of 2nd period - Shot Blocked by Ludwig Bystrom.
7:13 of 2nd period - Matthew Ford is hit by Zach Sill and loses puck.
8:22 of 2nd period - Icing by Carl Dahlstrom.
8:23 of 2nd period - Rocco Grimaldi wins face-off versus Tage Thompson in Las Vegas Wranglers zone.
8:37 of 2nd period - Wrist shot by Scott Wilson.
8:37 of 2nd period - Shot Misses the Net.
9:31 of 2nd period - Wrist shot by Rocco Grimaldi.
9:31 of 2nd period - Shot Misses the Net.
9:33 of 2nd period - Snap shot by Scott Wilson.
9:33 of 2nd period - Stopped by Brad Thiessen with a rebound.
9:35 of 2nd period - Slapshot by Jamie Oleksiak.
9:35 of 2nd period - Shot Blocked by Joel Vermin.
10:01 of 2nd period - Jamie Oleksiak is hit by Justin Auger and loses puck.
10:21 of 2nd period - Nikita Soshnikov is hit by Stanislav Galiev and loses puck.
10:43 of 2nd period - Snap shot by Matt White.
10:43 of 2nd period - Shot Misses the Net.
11:01 of 2nd period - Laurent Dauphin is hit by Chris Casto and loses puck.
11:16 of 2nd period - Laurent Dauphin is hit by Chris Casto and loses puck.
11:33 of 2nd period - Snap shot by Iiro Pakarinen.
11:33 of 2nd period - Stopped by Brad Thiessen without a rebound.
11:34 of 2nd period - Rocco Grimaldi wins face-off versus Tage Thompson in Las Vegas Wranglers zone.
11:51 of 2nd period - Gabriel Bourque is hit by Justin Auger and loses puck.
12:10 of 2nd period - Snap shot by Jimmy Hayes.
12:10 of 2nd period - Stopped by Ville Husso with a rebound.
12:12 of 2nd period - Snap shot by Justin Auger.
12:12 of 2nd period - Stopped by Ville Husso without a rebound.
12:13 of 2nd period - Vladislav Kamenev wins face-off versus Jacob De La Rose in Chicoutimi Sagueneens zone.
12:14 of 2nd period - Snap shot by Nikolay Goldobin.
12:14 of 2nd period - Stopped by Ville Husso without a rebound.
12:15 of 2nd period - Vladislav Kamenev wins face-off versus Laurent Dauphin in Chicoutimi Sagueneens zone.
12:16 of 2nd period - Wrist shot by Nikita Soshnikov.
12:16 of 2nd period - Shot Blocked by Derrick Pouliot.
12:18 of 2nd period - Slapshot by Paul LaDue.
12:18 of 2nd period - Shot Misses the Net.
12:20 of 2nd period - Slapshot by Adam Clendening.
12:20 of 2nd period - Stopped by Ville Husso with a rebound.
12:22 of 2nd period - Wrist shot by Nikita Soshnikov.
12:22 of 2nd period - Stopped by Ville Husso with a rebound.
12:26 of 2nd period - Snap shot by Vladislav Kamenev.
12:26 of 2nd period - Shot Misses the Net.
13:06 of 2nd period - Snap shot by Cody Bass.
13:06 of 2nd period - Stopped by Ville Husso with a rebound.
13:12 of 2nd period - Snap shot by Jamie Oleksiak.
13:12 of 2nd period - Shot Misses the Net.
13:14 of 2nd period - Slapshot by Gabriel Bourque.
13:14 of 2nd period - Stopped by Brad Thiessen with a rebound.
13:45 of 2nd period - Dillon Heatherington is hit by Laurent Dauphin and loses puck.
14:04 of 2nd period - Backhand shot by Justin Auger.
14:04 of 2nd period - Stopped by Ville Husso with a rebound.
14:39 of 2nd period - Maxime Fortunus is hit by Nikolay Goldobin and loses puck.
14:56 of 2nd period - Carl Dahlstrom is hit by Maxime Fortunus.
14:57 of 2nd period - Icing by Carl Dahlstrom.
14:58 of 2nd period - Matt White wins face-off versus Tage Thompson in Las Vegas Wranglers zone.
15:08 of 2nd period - Wrist shot by Stanislav Galiev.
15:08 of 2nd period - Shot Misses the Net.
15:10 of 2nd period - Slapshot by Derrick Pouliot.
15:10 of 2nd period - Shot Misses the Net.
15:28 of 2nd period - Chris Casto is hit by Derrick Pouliot and loses puck.
15:35 of 2nd period - Gabriel Bourque is hit by Vladislav Kamenev and loses puck.
15:53 of 2nd period - Minor Penalty to Emerson Etem for Hooking.
15:54 of 2nd period - Zac Rinaldo wins face-off versus Laurent Dauphin in Las Vegas Wranglers zone.
16:37 of 2nd period - Wrist shot by Laurent Dauphin.
16:37 of 2nd period - Shot Misses the Net.
16:43 of 2nd period - Wrist shot by Iiro Pakarinen.
16:43 of 2nd period - Stopped by Brad Thiessen without a rebound.
16:44 of 2nd period - Tage Thompson wins face-off versus Rocco Grimaldi in Las Vegas Wranglers zone.
17:53 of 2nd period - Penalty to Emerson Etem is over, Emerson Etem is back on ice.
19:49 of 2nd period - Wrist shot by Jimmy Hayes.
19:49 of 2nd period - Shot Misses the Net.
Goals for this period are 1 for Las Vegas Wranglers vs 0 for Chicoutimi Sagueneens.
Shots for this period are 15 for Las Vegas Wranglers vs 13 for Chicoutimi Sagueneens.

3rd period


0:01 of 3rd period - Vladislav Kamenev wins face-off versus Laurent Dauphin in neutral zone.
0:26 of 3rd period - Paul LaDue is hit by Derrick Pouliot and loses puck.
0:57 of 3rd period - Wrist shot by Jean Dupuy.
0:57 of 3rd period - Stopped by Brad Thiessen without a rebound.
0:58 of 3rd period - Laurent Dauphin wins face-off versus Vladislav Kamenev in Las Vegas Wranglers zone.
0:59 of 3rd period - Snap shot by Iiro Pakarinen.
0:59 of 3rd period - Shot Misses the Net.
1:23 of 3rd period - Chris Summers is hit by Justin Auger and loses puck.
2:54 of 3rd period - Matt White is hit by Matthew Ford and loses puck.
3:02 of 3rd period - Minor Penalty to Dillon Heatherington for Holding.
3:03 of 3rd period - Zac Rinaldo wins face-off versus Laurent Dauphin in Las Vegas Wranglers zone.
3:14 of 3rd period - Carl Dahlstrom is hit by Jacob De La Rose and loses puck.
3:29 of 3rd period - Snap shot by Rocco Grimaldi.
3:29 of 3rd period - Stopped by Brad Thiessen with a rebound.
3:31 of 3rd period - Snap shot by Gabriel Bourque.
3:31 of 3rd period - Stopped by Brad Thiessen without a rebound.
3:32 of 3rd period - Rocco Grimaldi wins face-off versus Zac Rinaldo in Las Vegas Wranglers zone.
3:57 of 3rd period - Joel Hanley is hit by Scott Wilson and loses puck.
4:04 of 3rd period - Wrist shot by Scott Wilson.
4:04 of 3rd period - Goal by Scott Wilson - Las Vegas Wranglers : 1 - Chicoutimi Sagueneens : 1.
4:05 of 3rd period - Vladislav Kamenev wins face-off versus Laurent Dauphin in neutral zone.
4:32 of 3rd period - Justin Auger is hit by Jamie Oleksiak and loses puck.
5:01 of 3rd period - Emerson Etem is hit by Stanislav Galiev and loses puck.
5:12 of 3rd period - Wrist shot by Matthew Ford.
5:12 of 3rd period - Shot Misses the Net.
5:24 of 3rd period - Wrist shot by Matthew Ford.
5:24 of 3rd period - Stopped by Ville Husso without a rebound.
5:25 of 3rd period - Vladislav Kamenev wins face-off versus Laurent Dauphin in Chicoutimi Sagueneens zone.
5:26 of 3rd period - Slapshot by Nikita Soshnikov.
5:26 of 3rd period - Stopped by Ville Husso with a rebound.
5:28 of 3rd period - Slapshot by Chris Casto.
5:28 of 3rd period - Deflect By Derrick Pouliot.
5:28 of 3rd period - Stopped by Ville Husso with a rebound.
5:30 of 3rd period - Snap shot by Chris Casto.
5:30 of 3rd period - Stopped by Ville Husso with a rebound.
5:32 of 3rd period - Snap shot by Vladislav Kamenev.
5:32 of 3rd period - Stopped by Ville Husso without a rebound.
5:33 of 3rd period - Vladislav Kamenev wins face-off versus Laurent Dauphin in Chicoutimi Sagueneens zone.
5:37 of 3rd period - Icing by Iiro Pakarinen.
5:38 of 3rd period - Laurent Dauphin wins face-off versus Nikita Soshnikov in Chicoutimi Sagueneens zone.
6:37 of 3rd period - Off-side.
6:38 of 3rd period - Vladislav Kamenev wins face-off versus Laurent Dauphin in neutral zone.
6:41 of 3rd period - Wrist shot by Nikita Soshnikov.
6:41 of 3rd period - Stopped by Ville Husso without a rebound.
6:42 of 3rd period - Laurent Dauphin wins face-off versus Vladislav Kamenev in Chicoutimi Sagueneens zone.
7:08 of 3rd period - Snap shot by Stanislav Galiev.
7:08 of 3rd period - Shot Misses the Net.
7:10 of 3rd period - Snap shot by Jean Dupuy.
7:10 of 3rd period - Shot Misses the Net.
7:12 of 3rd period - Slapshot by Stanislav Galiev.
7:12 of 3rd period - Stopped by Brad Thiessen without a rebound.
7:13 of 3rd period - Tage Thompson wins face-off versus Stanislav Galiev in Las Vegas Wranglers zone.
7:22 of 3rd period - Backhand shot by Stanislav Galiev.
7:22 of 3rd period - Stopped by Brad Thiessen with a rebound.
7:24 of 3rd period - Snap shot by Matt White.
7:24 of 3rd period - Shot Blocked by Jimmy Hayes.
7:26 of 3rd period - Slapshot by Chris Summers.
7:26 of 3rd period - Shot Misses the Net.
7:28 of 3rd period - Wrist shot by Maxime Fortunus.
7:28 of 3rd period - Shot Blocked by Adam Clendening.
7:38 of 3rd period - Chris Summers is hit by Ben Holmstrom and loses puck.
8:03 of 3rd period - Wrist shot by Zac Rinaldo.
8:03 of 3rd period - Deflect By Joel Vermin.
8:03 of 3rd period - Stopped by Ville Husso with a rebound.
8:42 of 3rd period - Joel Hanley is hit by Matt White and loses puck.
9:27 of 3rd period - Wrist shot by Matt White.
9:27 of 3rd period - Shot Blocked by Carl Dahlstrom.
9:29 of 3rd period - Snap shot by Stanislav Galiev.
9:29 of 3rd period - Stopped by Brad Thiessen with a rebound.
10:07 of 3rd period - Snap shot by Zac Rinaldo.
10:07 of 3rd period - Stopped by Ville Husso without a rebound.
10:08 of 3rd period - Cody Bass wins face-off versus Gabriel Bourque in Chicoutimi Sagueneens zone.
10:33 of 3rd period - Adam Clendening is hit by Jean Dupuy and loses puck.
10:54 of 3rd period - Wrist shot by Jacob De La Rose.
10:54 of 3rd period - Stopped by Brad Thiessen with a rebound.
10:56 of 3rd period - Slapshot by Maxime Fortunus.
10:56 of 3rd period - Shot Blocked by Justin Auger.
11:12 of 3rd period - Adam Clendening is hit by Scott Wilson and loses puck.
11:13 of 3rd period - Adam Clendening from Las Vegas Wranglers is injured at 11:13 of 3rd period (Lacerated Right Calf).
11:14 of 3rd period - Vladislav Kamenev wins face-off versus Laurent Dauphin in Las Vegas Wranglers zone.
11:21 of 3rd period - Iiro Pakarinen is hit by Vladislav Kamenev and loses puck.
11:43 of 3rd period - Chris Summers is hit by Chris Casto and loses puck.
11:46 of 3rd period - Snap shot by Gabriel Bourque.
11:46 of 3rd period - Stopped by Brad Thiessen with a rebound.
11:48 of 3rd period - Snap shot by Rocco Grimaldi.
11:48 of 3rd period - Goal by Rocco Grimaldi - Las Vegas Wranglers : 1 - Chicoutimi Sagueneens : 2.
11:49 of 3rd period - Vladislav Kamenev wins face-off versus Laurent Dauphin in neutral zone.
11:51 of 3rd period - Minor Penalty to Dillon Heatherington for High sticking.
11:52 of 3rd period - Emerson Etem wins face-off versus Laurent Dauphin in Las Vegas Wranglers zone.
11:52 of 3rd period - Emerson Etem is hit by Laurent Dauphin.
12:23 of 3rd period - Slapshot by Derrick Pouliot.
12:23 of 3rd period - Deflect By Scott Wilson.
12:23 of 3rd period - Stopped by Brad Thiessen with a rebound.
12:25 of 3rd period - Backhand shot by Jamie Oleksiak.
12:25 of 3rd period - Shot Misses the Net.
12:27 of 3rd period - Slapshot by Derrick Pouliot.
12:27 of 3rd period - Goal by Derrick Pouliot - Las Vegas Wranglers : 1 - Chicoutimi Sagueneens : 3.
12:28 of 3rd period - Vladislav Kamenev wins face-off versus Laurent Dauphin in neutral zone.
13:42 of 3rd period - Slapshot by Paul LaDue.
13:42 of 3rd period - Shot Blocked by Maxime Fortunus.
13:44 of 3rd period - Wrist shot by Joel Vermin.
13:44 of 3rd period - Shot Blocked by Chris Summers.
13:46 of 3rd period - Slapshot by Joel Vermin.
13:46 of 3rd period - Shot Misses the Net.
14:50 of 3rd period - Zach Sill is hit by Joel Vermin and loses puck.
14:55 of 3rd period - Backhand shot by Joel Vermin.
14:55 of 3rd period - Shot Misses the Net.
15:16 of 3rd period - Wrist shot by Vladislav Kamenev.
15:16 of 3rd period - Shot Misses the Net.
15:18 of 3rd period - Snap shot by Nikolay Goldobin.
15:18 of 3rd period - Shot Misses the Net.
15:20 of 3rd period - Snap shot by Vladislav Kamenev.
15:20 of 3rd period - Shot Misses the Net.
15:30 of 3rd period - Paul LaDue is hit by Stanislav Galiev and loses puck.
15:52 of 3rd period - Off-side.
15:53 of 3rd period - Vladislav Kamenev wins face-off versus Rocco Grimaldi in neutral zone.
15:56 of 3rd period - Slapshot by Nikolay Goldobin.
15:56 of 3rd period - Goal by Nikolay Goldobin - Las Vegas Wranglers : 2 - Chicoutimi Sagueneens : 3.
15:57 of 3rd period - Laurent Dauphin wins face-off versus Vladislav Kamenev in neutral zone.
16:28 of 3rd period - Wrist shot by Laurent Dauphin.
16:28 of 3rd period - Deflect By Joel Hanley.
16:28 of 3rd period - Stopped by Brad Thiessen with a rebound.
16:48 of 3rd period - Slapshot by Rocco Grimaldi.
16:48 of 3rd period - Shot Misses the Net.
16:50 of 3rd period - Slapshot by Rocco Grimaldi.
16:50 of 3rd period - Goal by Rocco Grimaldi - Las Vegas Wranglers : 2 - Chicoutimi Sagueneens : 4.
16:51 of 3rd period - Vladislav Kamenev wins face-off versus Rocco Grimaldi in neutral zone.
17:00 of 3rd period - Wrist shot by Nikita Soshnikov.
17:00 of 3rd period - Shot Misses the Net.
17:02 of 3rd period - Wrist shot by Vladislav Kamenev.
17:02 of 3rd period - Deflect By Maxime Fortunus.
17:02 of 3rd period - Goal by Vladislav Kamenev - Las Vegas Wranglers : 3 - Chicoutimi Sagueneens : 4.
17:03 of 3rd period - Vladislav Kamenev wins face-off versus Laurent Dauphin in neutral zone.
17:49 of 3rd period - Icing by Scott Wilson.
17:50 of 3rd period - Rocco Grimaldi wins face-off versus Matthew Ford in Chicoutimi Sagueneens zone.
18:05 of 3rd period - Slapshot by Jacob De La Rose.
18:05 of 3rd period - Deflect By Laurent Dauphin.
18:05 of 3rd period - Stopped by Brad Thiessen without a rebound.
18:06 of 3rd period - Vladislav Kamenev wins face-off versus Rocco Grimaldi in Las Vegas Wranglers zone.
18:12 of 3rd period - Off-side.
18:13 of 3rd period - Vladislav Kamenev wins face-off versus Rocco Grimaldi in neutral zone.
18:18 of 3rd period - Maxime Fortunus is hit by Vladislav Kamenev and loses puck.
18:57 of 3rd period - Minor Penalty to Chris Summers for Holding Stick.
18:58 of 3rd period - Vladislav Kamenev wins face-off versus Laurent Dauphin in Chicoutimi Sagueneens zone.
19:01 of 3rd period - Las Vegas Wranglers, Brad Thiessen is pulled from the net.
19:11 of 3rd period - Minor Penalty to Jamie Oleksiak for Interference.
19:12 of 3rd period - Laurent Dauphin wins face-off versus Vladislav Kamenev in Chicoutimi Sagueneens zone.
19:56 of 3rd period - Slapshot by Paul LaDue.
19:56 of 3rd period - Shot Blocked by Alex Lintuniemi.
Goals for this period are 2 for Las Vegas Wranglers vs 4 for Chicoutimi Sagueneens.
Shots for this period are 10 for Las Vegas Wranglers vs 15 for Chicoutimi Sagueneens.